AoeStats
← DrJet

Arabia

510014705Analyzed
1v1 RM · 4d ago on Sep 29, 2026· 25m 34s· 2 players
Game mode
Random Map
Map size
Tiny (2 player)
Population
200
Speed
Normal
Resources
Standard
Victory
Conquest
Starting age
Dark Age
Ending age
Imperial Age
RankedLock teamsTeams togetherTeam positionsShared explorationLock speedFull tech treeHidden civsTurbo modeCheats
Victory
Defeat
🇧🇷 Magyars · Brazil
1053
+17
🇦🇷 Bulgarians · Argentina
1081
-17
DrJet
9:40 Feudal Age
10:35 Double-Bit Axe
10:53 Double-Bit Axe
15:18 Wheelbarrow
15:24 Fletching
16:40 Horse Collar
17:49 Loom
18:09 Gold Mining
21:36 Castle Age
21:37 Padded Archer Armor
21:38 Crossbowman
22:42 Hand Cart
22:33 Bodkin Arrow
23:25 Ballistics
23:32 Thumb Ring
synclocox
8:26 Loom
10:43 Feudal Age
14:03 Double-Bit Axe
18:25 Horse Collar
18:40 Fletching
20:12 Padded Archer Armor
24:17 Castle Age
23:51 Bloodlines
23:49 Scale Barding Armor
23:55 Forging
25:08 Bodkin Arrow
Connection lost

Rejoining the realm…

Still unreachable

The connection could not be restored.

Session expired

The server has moved on; the page needs a fresh start.